 Dungeon Crawl Stone Soup version 0.21.1-1-g345015f (webtiles) character file.

1964 xar the Chopper (level 9, -12/62 (74) HPs)
             Began as a Ghoul Warper on May 6, 2018.
             Mangled by Psyche
             ... wielding a +4 dagger of chaos
              (15 damage)
             ... on level 7 of the Dungeon.
             The game lasted 01:07:24 (9069 turns).

xar the Chopper (Ghoul Warper)                      Turns: 9069, Time: 01:07:25

HP:   -12/62 (74)   AC: 15    Str: 17    XL:     9   Next: 19%
MP:   14/14         EV:  6    Int:  8    God:
Gold: 389           SH:  8    Dex:  9    Spells: 16/16 levels left

rFire    . . .     SeeInvis .   n - +1 war axe (elec)
rCold    + . .     Gourm    .   u - +0 shield
rNeg     + + +     Faith    .   G - +3 chain mail
rPois    ∞         Spirit   .   (no helmet)
rElec    .         Reflect  .   (no cloak)
rCorr    .         Harm     .   m - +0 pair of gloves
MR       .....                  R - +0 pair of boots
Stlth    ..........             (no amulet)
HPRegen  0.00/turn              L - +6 ring of slaying
MPRegen  0.14/turn              z - ring of poison resistance

@: very slightly contaminated, rotting, slowed, very slow
A: rotting body, claws 1, carnivore, cold resistance 1, negative energy
resistance 3, inhibited regeneration, torment resistance, unbreathing
a: no special abilities


You were on level 7 of the Dungeon.
You were not hungry.

You visited 1 branch of the dungeon, and saw 8 of its levels.

You collected 389 gold pieces.

Inventory:

Hand Weapons
 a - a +3 hand axe
 b - a +0 war axe
 e - a +0 hunting sling
 j - a +0 whip
 n - a +1 war axe of electrocution (weapon)
Missiles
 g - 58 poisoned needles
 h - 237 stones (quivered)
 i - 114 arrows
 s - 12 curare-tipped needles
 w - 56 sling bullets
 A - 10 bolts
 H - 5 tomahawks
 S - 3 needles of sleeping
Armour
 d - a +0 ring mail
 m - a +0 pair of gloves (worn)
 o - a +0 chain mail
 t - the +1 robe of Distant Worlds {rElec, unknown}
   (You found it on level 7 of the Dungeon)

   It insulates you from electricity.
 u - a +0 shield (worn)
 G - a +3 chain mail (worn)
 R - a +0 pair of boots (worn)
 T - a +0 robe of positive energy
Magical Staves
 k - an uncursed staff of poison
 v - an uncursed staff of conjuration
Jewellery
 z - a ring of poison resistance (right hand)
 L - a +6 ring of slaying (left hand)
 N - the ring of Tuiptugg {*Tele rF+}
   (You found it on level 6 of the Dungeon)

   [ring of teleportation]

   It may teleport you next to monsters.
   It protects you from fire.
 Q - an uncursed ring of ice
Wands
 C - a wand of iceblast (5)
Scrolls
 y - a scroll of enchant armour
 D - a scroll of remove curse
 K - a scroll of immolation
 O - a scroll of teleportation
 P - a scroll of noise
 U - a scroll of summoning
 Z - a scroll of fear
Potions
 r - a potion of mutation {unknown}
 x - a potion of degeneration {unknown}
 B - a potion of might
 W - a potion of brilliance
Books
 c - a book of Spatial Translocations

   Spells                             Type                      Level
   a - Blink                          Translocation                2
   b - Shroud of Golubria             Charms/Translocation         2
   c - Lesser Beckoning               Translocation                3
   d - Gell's Gravitas                Translocation                3
   e - Teleport Other                 Translocation                3
   f - Passage of Golubria            Translocation                4
Comestibles
 f - 5 rations


   Skills:
 * Level 5.1 Fighting
 + Level 5.3 Axes
 - Level 0.8 Throwing
 * Level 5.3 Armour
 * Level 4.2 Dodging
 + Level 1.0 Stealth
 + Level 2.5 Shields
 * Level 4.1 Spellcasting
   Level 2.6 Translocations
 + Level 0.7 Evocations


You had 16 spell levels left.
You didn't know any spells.

Dungeon Overview and Level Annotations

Branches:
Dungeon (8/15)             Temple (0/1) D:6
   Lair: D:8-11

Altars:
Ashenzari
Cheibriados
Dithmenos
Fedhas
Gozag
Makhleb
Nemelex Xobeh
Qazlal
Sif Muna
Vehumet
Wu Jian
Yredelemnul
Zin

Annotations:
D:7 Psyche


Innate Abilities, Weirdness & Mutations

Your body is rotting away.
You thrive on raw meat.
You are immune to poison.
You have sharp fingernails.
You are carnivorous and can eat meat at any time.
Your flesh is cold resistant. (rC+)
You are immune to negative energy. (rN+++)
You do not regenerate when monsters are visible.
You are immune to unholy pain and torment.
You can survive without breathing.


Message History

The puff of frost hits you! You resist.
* * * LOW HITPOINT WARNING * * *
A puff of flame appears from out of thin air!
The puff of flame hits you!
A magic dart appears from out of thin air!
The magic dart hits you!
A magic dart appears from out of thin air!
The magic dart hits you!
* * * LOW HITPOINT WARNING * * *
Something hits you but does no damage. Something hits you.
* * * LOW HITPOINT WARNING * * *
You convulse.
* * * LOW HITPOINT WARNING * * *
Psyche appears from thin air!
Reactivating autopickup.
Psyche gestures wildly while chanting.
Psyche flickers and vanishes!
Deactivating autopickup; reactivate with Ctrl-A.
Something hits you but does no damage. x2; You are electrocuted!
You die...

#.# #.#.# #. #.#
####.#.###. ##.##
##..........
##...###........§.>
##.....##.....#.####
#.......#.......# #
#.......#.......# #
#.......#......## #
##>@...##.....## #
##........#.## #
####.##.##.# #
#.##.##.#######
#.##...........
#............##
#.##########.# #.#
#.# #.# #.##


There were no monsters in sight!

Vanquished Creatures
  The ghost of Scuka the Spear-Bearer, an amateur MfGl (D:3)
  An ice beast (D:7)
  4 phantoms
  A sky beast (D:5)
  A necrophage (D:6)
  5 ogres
  A big kobold (D:7)
  A bullfrog (D:7)
  2 scorpions
  4 howler monkeys
  A hound (D:6)
  2 jellies (D:7)
  Jessica (D:3)
  2 worker ants
  A hound zombie (D:5)
  4 gnolls (D:6)
  7 adders
  3 oozes
  An adder zombie (D:5)
  6 adder skeletons
  3 worms
  A dart slug (D:2)
  6 leopard geckos
  4 orcs
  8 giant cockroaches
  3 goblins
  12 hobgoblins
  3 jackals (D:6)
  10 kobolds
  3 quokkas
  4 ball pythons
  6 bats
  3 frilled lizards
  5 rats
  A spectral orc (D:6)
  2 fungi (D:3)
  A plant (D:3)
124 creatures vanquished.

Notes
Turn   | Place    | Note
-------+----------+-------------------------------------------
     0 | D:1      | xar the Ghoul Warper began the quest for the Orb.
     0 | D:1      | Reached XP level 1. HP: 17/17 MP: 2/2
   241 | D:1      | Reached skill level 1 in Armour
   310 | D:1      | Reached XP level 2. HP: 24/25 MP: 3/3
   881 | D:2      | Reached XP level 3. HP: 22/29 MP: 5/5
  1578 | D:2      | Reached XP level 4. HP: 29/35 MP: 6/6
  2244 | D:3      | Noticed Scuka's ghost (amateur MfGl)
  2256 | D:3      | Noticed Jessica
  2279 | D:3      | HP: 1/37 [Scuka's ghost (8)]
  2735 | D:4      | Found a stormy altar of Qazlal.
  2735 | D:4      | Found a sparkling altar of Nemelex Xobeh.
  2735 | D:4      | Found a radiant altar of Vehumet.
  2821 | D:4      | Found an opulent altar of Gozag.
  2880 | D:4      | Reached XP level 5. HP: 15/43 MP: 7/7
  3301 | D:4      | Noticed a phantom
  3397 | D:5      | Entered Level 5 of the Dungeon
  3573 | D:5      | Noticed a sky beast
  3687 | D:6      | Got a pitted copper ring
  3689 | D:6      | Identified the ring of Tuiptugg {*Tele rF+} (You found it on level 6 of the Dungeon)
  3711 | D:6      | Found a glowing drain.
  3745 | D:6      | Found a staircase to the Ecumenical Temple.
  3746 | D:6      | Noticed a necrophage
  4066 | D:5      | Reached XP level 6. HP: 42/45 MP: 8/8
  4234 | D:5      | Found a deep blue altar of Sif Muna.
  4845 | D:6      | Found a basalt altar of Yredelemnul.
  4948 | D:6      | Killed a necrophage
  4948 | D:6      | Reached skill level 1 in Shields
  4994 | D:6      | Reached XP level 7. HP: 50/50 MP: 9/9
  5490 | D:6      | Found a shattered altar of Ashenzari.
  5531 | D:6      | Found a shadowy altar of Dithmenos.
  5671 | D:6      | Found a snail-covered altar of Cheibriados.
  5791 | D:6      | Found an ornate altar of the Wu Jian Council.
  6038 | D:3      | Found a blossoming altar of Fedhas.
  6166 | D:3      | Killed Jessica
  6590 | D:3      | Killed Scuka's ghost
  6590 | D:3      | Reached XP level 8. HP: 28/50 MP: 11/11
  6817 | D:3      | Found a burning altar of Makhleb.
  8169 | D:7      | Got a faintly glowing robe
  8230 | D:7      | Reached skill level 5 in Armour
  8579 | D:7      | Found a glowing silver altar of Zin.
  8760 | D:7      | Reached skill level 1 in Stealth
  8764 | D:7      | Reached skill level 5 in Axes
  8778 | D:7      | Reached XP level 9. HP: 55/60 MP: 13/13
  8781 | D:7      | Reached skill level 5 in Fighting
  9003 | D:8      | Noticed Psyche
  9067 | D:7      | HP: 3/62 [something (1)]
  9069 | D:7      | Mangled by Psyche

Skill      XL: |  1  2  3  4  5  6  7  8  9 |
---------------+----------------------------+-----
Armour         | 1 2 3 4 5 |  5.3
Axes           | 2 3 4 5 |  5.3
Spellcasting   | 2 3 4 |  4.1
Dodging        | 2 3 4 |  4.2
Fighting       | 3 4 5 |  5.1
Shields        | 1 2 |  2.5
Stealth        | 1 |  1.0
Throwing       | |  0.8
Translocations | |  2.6
Evocations     | |  0.7

Action                   |  1- 3 |  4- 6 |  7- 9 || total
-------------------------+-------+-------+-------++-------
Melee: Hand axe          |   132 |   277 |   142 ||   551
       War axe           |       |       |    87 ||    87
 Fire: Hunting sling     |     2 |       |       ||     2
Throw: Tomahawk          |     5 |       |       ||     5
       Stone             |    30 |    23 |     4 ||    57
Evoke: Wand              |       |     3 |     6 ||     9
  Use: Potion            |       |     8 |     3 ||    11
       Scroll            |       |    17 |     9 ||    26
 Stab: Invisible         |       |       |     1 ||     1
  Eat: Ration            |     1 |     5 |     6 ||    12
       Chunk             |       |     2 |     2 ||     4
Armor: Leather armour    |     9 |       |       ||     9
       Ring mail         |    31 |    66 |       ||    97
       Chain mail        |       |    87 |   137 ||   224
Dodge: Dodged            |    71 |    91 |    55 ||   217
Block: Shield            |     4 |   103 |    81 ||   188
